 Dungeon Crawl Stone Soup version 0.28-a0-957-g42eb19b844 (webtiles) character file.

Game seed: 6786322524780770052

43 lunkers the Scratcher (level 3, 13/16 HPs)
             Began as a Felid Transmuter on Nov 30, 2021.
             Quit the game on level 2 of the Dungeon.
             The game lasted 00:03:42 (2115 turns).

lunkers the Scratcher (Felid Transmuter)            Turns: 2115, Time: 00:03:42

Health: 13/16      AC:  1    Str:  6    XL:     3   Next: 37%
Magic:  15/16      EV: 17    Int: 15    God:
Gold:   27         SH:  0    Dex: 16    Spells: 2/6 levels left
                                        Lives:  0   Deaths: 1

rFire   . . .      SeeInvis +     - Unarmed
rCold   . . .      Faith    .   (shield unavailable)
rNeg    . . .      Spirit   .   (armour unavailable)
rPois   .          Reflect  .   (helmet unavailable)
rElec   .          Harm     .   (cloak unavailable)
rCorr   .          Rampage  .   (gloves unavailable)
Will    .....                   (boots unavailable)
Stlth   +.........              (no amulet)
HPRegen 0.05/turn               e - ring of magical power
MPRegen 0.15/turn               (no ring)

@: appendages, very slow
A: horns 2, very small, claws 1, fangs 3, see invisible, speed 1, shaggy fur 1,
stealthy paws, no weapons or thrown items, no armour, multi-lived
a: End Transformation


You were on level 2 of the Dungeon.
You had temporarily grown beastly horns.
You visited 1 branch of the dungeon, and saw 2 of its levels.

You collected 27 gold pieces.

Inventory:

Jewellery
 e - a ring of magical power (left paw)
Scrolls
 a - a scroll of enchant armour {unknown}
 b - a scroll of torment {unknown}
Potions
 c - a potion of mutation {unknown}
 d - a potion of attraction {unknown}


   Skills:
 + Level 2.4 Fighting
 - Level 2.6 Dodging
 * Level 4.5 Unarmed Combat
 - Level 2.0 Spellcasting
 + Level 2.5 Transmutations


You had 2 spell levels left.
You knew the following spells:

 Your Spells              Type           Power      Damage    Failure   Level
c - Spider Form           Tmut/Pois      5%         N/A       36%         3
p - Beastly Appendage     Tmut           18%        N/A       8%          1

Your spell library contained the following spells:

 Spells                   Type           Power      Damage    Failure   Level
 Wereblood                Tmut           9%         N/A       12%         2
 Ice Form                 Ice/Tmut       5%         N/A       78%         4


Dungeon Overview and Level Annotations

Branches:
Dungeon (2/15)

Altars:


Innate Abilities, Weirdness & Mutations

You have temporarily grown beastly horns.
You have sharp claws.
You have razor-sharp teeth.
You have supernaturally acute eyesight. (SInv)
You cover ground quickly. (Speed+)
You are covered in fur. (AC +1)
Your paws help you pounce on unaware monsters.
You are incapable of wielding weapons or throwing items.
You cannot wear armour.
You gain extra lives every three experience levels.


Message History

Casting: Spider Form (potentially lethal; 36% risk of failure)
Confirm with . or Enter, or press ? or * to list all spells.
The spell is potentially lethal to cast (36% risk of failure)!
Continue anyway?
Okay, then.
The gnoll hits you with a +0 flail.
* * * LOW HITPOINT WARNING * * *
The gnoll hits you with a +0 flail of draining.
* * * LOW HITPOINT WARNING * * *
You feel drained.
You stop ascending the stairs.
You die...
You are now level 3!
You rejoin the land of the living...
Saving game... please wait.
Welcome back, lunkers the Felid Transmuter.
Press ? for a list of commands and other information.
You enter the shallow water.
Moving in this stuff is going to be slow.
You open the door.
There is an open door here.
You enter the shallow water.
Moving in this stuff is going to be slow.
You enter the shallow water.
Moving in this stuff is going to be slow.
A ball python comes into view.
The ball python hisses angrily.
A ball python is nearby!
A ball python is nearby!
Cast which spell? (? or * to list)
You grow a pair of large bovine horns.
The ball python closely misses you. The ball python barely misses you.
The ball python misses you. The ball python barely misses you.
Your unstable footing causes you to fumble your attack.
The ball python closely misses you. x2
You closely miss the ball python. The ball python bites you.
The ball python grabs you. The ball python constricts you.
You claw the ball python!
You kill the ball python!
No target in view!
No target in view!
Are you sure you want to abandon this character and quit the game? (Confirm with "yes".)

..P.##
..P.##
....P#
≈...#
#≈.P#
#≈≈.#
#≈†≈# #≈@#
##≈#
#####.##
#....##
+....#
+....#
#....##
#######.##
#≈## ##≈#


There were no monsters in sight!

Vanquished Creatures
  Jessica (D:2)
  2 gnolls (D:2)
  An adder (D:2)
  2 dart slugs (D:1)
  4 bats (D:1)
  4 endoplasms
  2 goblins (D:1)
  3 hobgoblins
  2 kobolds (D:1)
  4 quokkas
  4 ball pythons
  2 frilled lizards (D:1)
  2 rats (D:1)
33 creatures vanquished.

Vanquished Creatures (others)
  8 plants (D:2)
8 creatures vanquished.

Grand Total: 41 creatures vanquished

Notes
Turn   | Place    | Note
-------+----------+-------------------------------------------
     0 | D:1      | lunkers the Felid Transmuter began the quest for the Orb.
     0 | D:1      | Reached XP level 1. HP: 9/9 MP: 4/4
   298 | D:1      | Reached XP level 2. HP: 12/12 MP: 4/6
  1189 | D:2      | Noticed Jessica
  1191 | D:2      | Reached XP level 3. HP: 14/16 MP: 4/7
  1206 | D:2      | Killed Jessica
  1207 | D:2      | Reached skill level 4 in Unarmed Combat
  1215 | D:2      | Learned a level 3 spell: Spider Form
  1452 | D:2      | Reached XP level 4. HP: 3/19 MP: 8/8
  2043 | D:2      | Slain by a gnoll
  2044 | D:2      | Reached XP level 3. HP: 0/14 MP: 16/16
  2044 | D:2      | Upgraded the game from 0.28-a0-938-gbc3f381ebc to
                  | 0.28-a0-957-g42eb19b844
  2115 | D:2      | Quit the game

Illustrated notes

Levels and vault maps discovered:
D:1:      minmay_arrival_arboretum_large, layout_basic, nrook_uturn
D:2:      wad_lake_hut, layout_rooms, uniq_jessica, uniq_natasha

Skill      XL: |  1  2  3 |
---------------+----------+-----
Fighting       | 2 |  2.4
Unarmed Combat | 4 |  4.5
Dodging        | |  2.6
Spellcasting   | |  2.0
Transmutations | |  2.5

Action                   |  1- 3 |  4- 6 || total
-------------------------+-------+-------++-------
Melee: Unarmed           |    93 |    14 ||   107
       Headbutt          |     7 |       ||     7
       Bite              |     7 |       ||     7
       Punch             |     3 |       ||     3
 Cast: Beastly Appendage |    15 |       ||    15
       Spider Form       |     1 |     4 ||     5
  Use: Scroll            |     1 |       ||     1
 Stab: Sleeping          |     3 |       ||     3
Armor: Skin              |     5 |       ||     5
Dodge: Dodged            |    72 |    16 ||    88

Table legend: (Time is in decaauts)
 A = Elapsed time spent in this place.
 B = Non-inter-level travel time spent in this place.
 C = Inter-level travel time spent in this place.
 D = Time resting spent in this place.
 E = Time spent auto-exploring this place.
 F = Levels seen in this place.
 G = Mean time per level.
                   A        B        C        D        E       F      G
               +--------+--------+--------+--------+--------+-----+--------+
         Total |   1998 |   1970 |     28 |    433 |   1160 |   2 |  999.0 |
       Dungeon |   1998 |   1970 |     28 |    433 |   1160 |   2 |  999.0 |
               +--------+--------+--------+--------+--------+-----+--------+

Top non-repeatable levels by time:
     D:1: 1489 daAuts
     D:2: 509 daAuts
